 Dungeon Crawl Stone Soup version 0.24.0-123-gd5b16e6ec5 (webtiles) character file.

Game seed: 3093695662775827420, levelgen mode: deterministic

1973 vurker the Conjurer (level 9, 0/69 HPs)
             Began as a Gnoll Wanderer on Feb 1, 2020.
             Was a Follower of Cheibriados.
             Slain by a killer bee (3 damage)
             ... on level 7 of the Dungeon.
             The game lasted 00:11:50 (8079 turns).

vurker the Conjurer (Gnoll Wanderer)                Turns: 8079, Time: 00:11:50

Health: 0/69       AC:  7    Str: 24    XL:     9   Next: 20%
Magic:  14/14      EV: 13    Int: 19    God:    Cheibriados [*.....]
Gold:   295        SH:  8    Dex: 18    Spells: 14/15 levels left

rFire    . . .     SeeInvis .   b - +0 spear (freeze)
rCold    . . .     Gourm    .   r - +3 buckler "Dibbuej" {rPois}
rNeg     . . .     Faith    .   n - +0 ring mail {rPois}
rPois    +         Spirit   .   (no helmet)
rElec    .         Reflect  .   (no cloak)
rCorr    .         Harm     .   t - +0 pair of gloves
MR       .....                  (no boots)
Stlth    ++++......             (no amulet)
HPRegen  0.21/turn              k - ring of stealth
MPRegen  0.14/turn              (no ring)

@: mighty, very slow
A: distributed training, fangs 1, strong nose
a: Bend Time, Renounce Religion


You were on level 7 of the Dungeon.
You worshipped Cheibriados.
Cheibriados was aware of your devotion.
You were hungry.

You visited 2 branches of the dungeon, and saw 8 of its levels.

You collected 359 gold pieces.
You spent 64 gold pieces at shops.

Inventory:

Hand Weapons
 a - a +2 hand crossbow
 b - a +0 spear of freezing (weapon)
   (You took it off a gnoll on level 3 of the Dungeon)
Missiles
 f - 50 bolts
Armour
 n - a +0 ring mail of poison resistance (worn)
   (You found it on level 3 of the Dungeon)
 r - the +3 buckler "Dibbuej" (worn) {rPois}
   (You found it on level 4 of the Dungeon)

   It protects you from poison.
 t - a +0 pair of gloves (worn)
   (You found it on level 4 of the Dungeon)
Jewellery
 k - a ring of stealth (left hand)
   (You found it on level 3 of the Dungeon)
Scrolls
 h - a scroll of fear
 i - a scroll of remove curse
 o - a scroll of teleportation
 q - a scroll of magic mapping
 s - 2 scrolls of immolation
Potions
 c - a potion of invisibility
 d - 5 potions of lignification
 l - a potion of agility {unknown}
Comestibles
 e - 17 rations


   Skills:
 + Level 6.1 Fighting
 + Level 3.9 Short Blades
 + Level 3.9 Long Blades
 + Level 3.9 Axes
 + Level 3.9 Maces & Flails
 + Level 3.9 Polearms
 + Level 3.9 Staves
 + Level 3.9 Slings
 + Level 3.9 Bows
 + Level 6.1 Crossbows
 + Level 3.9 Throwing
 + Level 4.7 Armour
 + Level 3.9 Dodging
 + Level 5.8 Stealth
 + Level 3.9 Shields
 + Level 3.9 Unarmed Combat
 + Level 3.9 Spellcasting
 + Level 6.4 Conjurations
 + Level 3.2 Hexes
 + Level 3.2 Charms
 + Level 3.2 Summonings
 + Level 3.2 Necromancy
 + Level 3.2 Translocations
 + Level 3.2 Transmutations
 + Level 3.2 Fire Magic
 + Level 3.2 Ice Magic
 + Level 3.2 Air Magic
 + Level 3.2 Earth Magic
 + Level 3.2 Poison Magic
 + Level 4.3 Invocations
 + Level 3.9 Evocations


You had 14 spell levels left.
You knew the following spells:

 Your Spells              Type           Power        Failure   Level  Hunger
a - Shock                 Conj/Air       ###.         3%          1    None

Your spell library contained the following spells:

 Spells                   Type           Power        Failure   Level  Hunger
 Throw Frost              Conj/Ice       ###...       4%          2    ##.....
 Corona                   Hex            ###....      5%          1    None
 Freeze                   Ice            ###.         5%          1    None
 Slow                     Hex            ###.....     9%          2    ##.....
 Static Discharge         Conj/Air       ###.....     9%          3    ###....
 Gell's Gravitas          Tloc           ###.......   17%         3    ###....
 Inner Flame              Hex/Fire       ###.....     17%         3    ###....
 Ozocubu's Armour         Chrm/Ice       ###.....     17%         3    ###....
 Portal Projectile        Hex/Tloc       ###...       17%         3    ###....
 Force Lance              Conj/Tloc      ###.....     28%         4    ####...
 Throw Icicle             Conj/Ice       ###.....     28%         4    ####...
 Cause Fear               Hex            ###.......   50%         4    ####...
 Leda's Liquefaction      Hex/Erth       ###.......   50%         4    ####...
 Summon Ice Beast         Ice/Summ       ###.....     50%         4    ####...
 Dispersal                Tloc           ###.......   100%        6    #######
 Controlled Blink         Tloc           N/A          100%        8    #######
 Disjunction              Tloc           ###.......   100%        8    #######


Dungeon Overview and Level Annotations

Branches:
Dungeon (7/15)             Temple (1/1) D:5

Altars:
Ashenzari
Cheibriados
Dithmenos
Elyvilon
Fedhas
Gozag
Hepliaklqana
Kikubaaqudgha
Makhleb
Nemelex Xobeh
Okawaru
Qazlal
Sif Muna
Uskayaw
Vehumet
Wu Jian
Xom
Yredelemnul
Zin

Shops:
D:5 *

Annotations:
D:5 exclusion: statue


Innate Abilities, Weirdness & Mutations

Your experience applies equally to all skills.
You have very sharp teeth.
Your uncanny sense of smell can sniff out nearby items.


Message History

The killer bee stings you.
* * * LOW HITPOINT WARNING * * *
You block the killer bee's attack.
You puncture the killer bee! You freeze the killer bee.
The killer bee stings you.
* * * LOW HITPOINT WARNING * * *
The killer bee stings you but does no damage. x3
You closely miss the killer bee. You block the killer bee's attack. x2
The killer bee stings you but does no damage.
You miss the killer bee.
The killer bee stings you but does no damage.
You block the killer bee's attack.
The killer bee stings you but does no damage.
You closely miss the killer bee.
The killer bee stings you but does no damage.
You block the killer bee's attack.
The killer bee stings you but does no damage. x2
Unknown command.
You barely miss the killer bee.
The killer bee stings you but does no damage. x4
You miss the killer bee. You block the killer bee's attack.
The killer bee stings you but does no damage. x2
You block the killer bee's attack.
You hit the killer bee but do no damage.
The killer bee stings you but does no damage. x3
You hit the killer bee. You freeze the killer bee.
You feel less wooden.
Your +0 pair of gloves unmelds from your body.
Your +0 ring mail of poison resistance unmelds from your body.
You feel resistant to poison. The killer bee misses you.
The killer bee barely misses you. You block the killer bee's attack.
You closely miss the killer bee.
The killer bee stings you but does no damage. x2
The killer bee stings you.
* * * LOW HITPOINT WARNING * * *
The killer bee closely misses you.
You hit the killer bee. You freeze the killer bee.
You kill the killer bee!
Cheibriados thoroughly appreciates the change of pace.
The killer bee stings you.
* * * LOW HITPOINT WARNING * * *
The killer bee stings you but does no damage.
You hit the killer bee. You freeze the killer bee.
You kill the killer bee!
Cheibriados thoroughly appreciates the change of pace.
You barely miss the killer bee. The killer bee closely misses you.
You block the killer bee's attack.
You feel very mighty all of a sudden. The killer bee stings you.
You die...

∆ .......
....... .......
....... #
....... # #.
.....#
#.#.####.....#
#....†@yy$...+
#.#..<##.....#
#>.............
####......#....
######## ..y ..
∆∆ ∆%


You could see 2 killer bees.

Vanquished Creatures
  4 yaks (D:6)
  A phantom (D:6)
  2 ogres
  4 bullfrogs
  A gnoll sergeant (D:5)
  4 killer bees (D:7)
  A howler monkey (D:6)
  A crimson imp (D:5)
  3 hounds (D:5)
  A bullfrog skeleton (D:5)
  An orc priest (D:4)
  3 gnoll shamans (D:5)
  An orc wizard (D:4)
  A worker ant (D:5)
  12 gnolls
  7 adders
  2 shadow imps (D:6)
  2 oozes
  2 dart slugs (D:1)
  2 leopard geckos (D:2)
  7 orcs
  10 bats
  4 giant cockroaches
  7 goblins
  5 hobgoblins
  7 jackals
  4 quokkas
  3 frilled lizards
  8 kobolds
  A leopard gecko skeleton (D:4)
  A quokka skeleton (D:4)
  4 rats
116 creatures vanquished.

Notes
Turn   | Place    | Note
-------+----------+-------------------------------------------
     0 | D:1      | vurker the Gnoll Wanderer began the quest for the Orb.
     0 | D:1      | vurker set off with the following items: a +2 hand
                  | crossbow, 28 bolts, a potion of lignification, a ration, a
                  | +0 dagger, a +0 robe; and the following spell memorised:
                  | Shock; and the following spells available to memorise:
                  | Static Discharge
     0 | D:1      | Reached XP level 1. HP: 20/20 MP: 1/1
    63 | D:1      | Reached XP level 2. HP: 21/26 MP: 2/2
  1137 | D:2      | Reached XP level 3. HP: 28/31 MP: 1/3
  1214 | D:2      | Found a shimmering altar of Xom.
  1783 | D:2      | Reached skill level 1 in Invocations
  1977 | D:2      | Found a sparkling altar of Nemelex Xobeh.
  1980 | D:2      | Reached skill level 1 in Short Blades
  1980 | D:2      | Reached skill level 1 in Long Blades
  1980 | D:2      | Reached skill level 1 in Axes
  1980 | D:2      | Reached skill level 1 in Maces & Flails
  1980 | D:2      | Reached skill level 1 in Polearms
  1980 | D:2      | Reached skill level 1 in Staves
  1980 | D:2      | Reached skill level 1 in Slings
  1980 | D:2      | Reached skill level 1 in Bows
  1980 | D:2      | Reached skill level 1 in Throwing
  1980 | D:2      | Reached skill level 1 in Dodging
  1980 | D:2      | Reached skill level 1 in Shields
  1980 | D:2      | Reached skill level 1 in Unarmed Combat
  1980 | D:2      | Reached skill level 1 in Spellcasting
  1980 | D:2      | Reached skill level 1 in Evocations
  2145 | D:2      | Reached XP level 4. HP: 38/38 MP: 2/5
  2899 | D:3      | Reached skill level 1 in Hexes
  2899 | D:3      | Reached skill level 1 in Charms
  2899 | D:3      | Reached skill level 1 in Summonings
  2899 | D:3      | Reached skill level 1 in Necromancy
  2899 | D:3      | Reached skill level 1 in Translocations
  2899 | D:3      | Reached skill level 1 in Transmutations
  2899 | D:3      | Reached skill level 1 in Fire Magic
  2899 | D:3      | Reached skill level 1 in Ice Magic
  2899 | D:3      | Reached skill level 1 in Air Magic
  2899 | D:3      | Reached skill level 1 in Earth Magic
  2899 | D:3      | Reached skill level 1 in Poison Magic
  2949 | D:3      | Reached XP level 5. HP: 6/43 MP: 0/6
  3694 | D:3      | Reached XP level 6. HP: 40/50 MP: 8/8
  3900 | D:3      | Found a hazy altar of Hepliaklqana.
  4118 | D:4      | Reached skill level 5 in Fighting
  4118 | D:4      | Reached skill level 5 in Crossbows
  4221 | D:4      | Reached XP level 7. HP: 14/56 MP: 0/10
  4522 | D:4      | Got a spiked buckler
  4528 | D:4      | Identified the +3 buckler "Dibbuej" {rPois} (You found it
                  | on level 4 of the Dungeon)
  4742 | D:4      | Found a stormy altar of Qazlal.
  4808 | D:5      | Entered Level 5 of the Dungeon
  5003 | D:5      | Found a radiant altar of Vehumet.
  5016 | D:5      | Got an encrusted ring mail
  5027 | D:5      | Identified the +1 ring mail of Nemelex Xobeh's Pride {MR-
                  | Str+4 Dex+6} (You found it on level 5 of the Dungeon)
  5354 | D:5      | Found Woceh's Assorted Antiques.
  5506 | D:5      | Bought a scroll labeled XATITI LAANIMN for 34 gold pieces
  5506 | D:5      | Bought a green potion for 30 gold pieces
  5573 | D:5      | Found a staircase to the Ecumenical Temple.
  5583 | Temple   | Entered the Ecumenical Temple
  5885 | Temple   | Became a worshipper of Cheibriados the Contemplative
  5962 | D:5      | Found an iron altar of Okawaru.
  6119 | D:5      | Reached skill level 5 in Stealth
  6441 | D:5      | Found a blossoming altar of Fedhas.
  6524 | D:5      | Reached * piety under Cheibriados
  6524 | D:5      | Reached XP level 8. HP: 34/63 MP: 1/12
  7138 | D:6      | Found a glowing silver altar of Zin.
  7432 | D:6      | Noticed a yak
  7439 | D:6      | Noticed a yak
  7442 | D:6      | Noticed a yak
  7446 | D:6      | Noticed a yak
  7450 | D:6      | Killed a yak
  7455 | D:6      | Killed a yak
  7456 | D:6      | Killed a yak
  7456 | D:6      | Reached XP level 9. HP: 32/69 MP: 4/14
  8076 | D:7      | HP: 3/69 [killer bee (5)]
  8079 | D:7      | Slain by a killer bee

Levels and vault maps discovered:
D:1:      evilmike_arrival_crescent, layout_basic, skrybe_limestone_x,
          minmay_tetromino_l4
D:2:      layout_basic, old_standard_altar, lemuel_crystal_altar, first_ration
D:3:      layout_loops_ring, lemuel_coloured_pillars_altar
D:4:      layout_basic, nicolae_qazlal_general_emergency
D:5:      layout_cave_pools, okawaru_altar_gauntlet_db, vehumet_statue,
          minmay_temple_entry_mini_moons, serial_gnoll_camp,
          gnoll_camp_mini_shop, gnoll_camp_mini_house, gnoll_camp_mini_house,
          gnoll_camp_mini_basic, gnoll_camp_mini_hut, fedhas_altar_4
D:6:      layout_basic, basic_altar
D:7:      layout_basic, basic_altar, the_bakery, small_statue_alley_b,
          lemuel_mausoleum_altar_kikubaaqudgha
Temple:   oiseaux_autumnal_temple

Skill      XL: |  1  2  3  4  5  6  7  8  9 |
---------------+----------------------------+-----
Invocations    | 1 2 3 4 |  4.3
Short Blades   | 1 2 3 |  3.9
Long Blades    | 1 2 3 |  3.9
Axes           | 1 2 3 |  3.9
Maces & Flails | 1 2 3 |  3.9
Polearms       | 1 2 3 |  3.9
Staves         | 1 2 3 |  3.9
Slings         | 1 2 3 |  3.9
Bows           | 1 2 3 |  3.9
Throwing       | 1 2 3 |  3.9
Dodging        | 1 2 3 |  3.9
Shields        | 1 2 3 |  3.9
Unarmed Combat | 1 2 3 |  3.9
Spellcasting   | 1 2 3 |  3.9
Evocations     | 1 2 3 |  3.9
Hexes          | 1 2 3 |  3.2
Charms         | 1 2 3 |  3.2
Summonings     | 1 2 3 |  3.2
Necromancy     | 1 2 3 |  3.2
Translocations | 1 2 3 |  3.2
Transmutations | 1 2 3 |  3.2
Fire Magic     | 1 2 3 |  3.2
Ice Magic      | 1 2 3 |  3.2
Air Magic      | 1 2 3 |  3.2
Earth Magic    | 1 2 3 |  3.2
Poison Magic   | 1 2 3 |  3.2
Armour         | 3 4 |  4.7
Fighting       | 5 6 |  6.1
Crossbows      | 5 6 |  6.1
Stealth        | 5 |  5.8
Conjurations   | 6 |  6.4

Action                   |  1- 3 |  4- 6 |  7- 9 || total
-------------------------+-------+-------+-------++-------
Melee: Dagger            |   111 |    32 |       ||   143
       Bite              |    10 |     9 |    49 ||    68
       Punch             |       |     2 |       ||     2
       Spear             |       |    71 |   347 ||   418
 Fire: Hand crossbow     |     7 |    10 |       ||    17
 Cast: Shock             |    21 |    28 |    27 ||    76
  Use: Scroll            |       |       |    13 ||    13
       Potion            |       |       |     7 ||     7
 Stab: Sleeping          |     5 |     8 |     5 ||    18
  Eat: Chunk             |     5 |     6 |     7 ||    18
       Ration            |       |       |     1 ||     1
Armor: Robe              |    24 |     1 |       ||    25
       Ring mail         |       |    27 |    75 ||   102
       Skin              |       |       |    72 ||    72
Dodge: Dodged            |    84 |    67 |   134 ||   285
Block: Buckler           |       |       |   132 ||   132
